 Dungeon Crawl Stone Soup version 0.17-a0-1882-g750edc8 (webtiles) character file.

1857 barthelm the Covered (level 9, -10/56 HPs)
             Began as a Gargoyle Berserker on Sept 22, 2015.
             Was an Elder of Trog.
             Killed by divine providence
             ... invoked by an orc priest
              (16 damage)
             ... on level 7 of the Dungeon.
             The game lasted 00:23:52 (4572 turns).

barthelm the Covered (Gargoyle Berserker)           Turns: 4572, Time: 00:23:52

Health: -10/56     AC: 21    Str: 23    XL:     9   Next: 13%
Magic:  9/9        EV:  9    Int:  9    God:    Trog [****..]
Gold:   221        SH:  0    Dex:  9    Spells: 0 memorised, 8 levels left

rFire  . . .     SeeInvis .     n - +2 mace (protect)
rCold  . . .     Clarity  .     v - +0 chain mail
rNeg   + . .     SustAt   .     (no shield)
rPois  ∞         Gourm    .     (no helmet)
rElec  +         Spirit   .     (no cloak)
rCorr  .         Warding  .     (no gloves)
rMut   .         Stasis   .     (no boots)
MR     .....                    (no amulet)
Stlth  ..........               (no ring)
                                (no ring)

@: exhausted, slowed, very slow, not resistant to hostile enchantments,
extremely unstealthy
A: negative energy resistance 1, electricity resistance, unbreathing,
petrification resistance, rot immunity, AC +5
a: Burn Spellbooks, Berserk, Trog's Hand, Brothers in Arms, Renounce Religion


You were on level 7 of the Dungeon.
You worshipped Trog.
Trog was greatly pleased with you.
You were not hungry.

You visited 1 branch of the dungeon, and saw 6 of its levels.
You also visited: Sewer.

You collected 221 gold pieces.

Inventory:

Hand weapons
 n - a +2 mace of protection (weapon)
Missiles
 e - 154 stones (quivered)
 o - 5 javelins
 C - 6 tomahawks
Armour
 b - a +0 animal skin
 f - a +1 pair of boots
 t - a +0 large shield
 v - a +0 chain mail (worn)
Jewellery
 i - an uncursed ring of positive energy {unknown}
Magical devices
 A - a wand of teleportation (4)
Scrolls
 g - 2 scrolls of enchant weapon {unknown}
 l - a scroll of enchant armour
 m - 5 scrolls of teleportation
 q - a scroll of amnesia {unknown}
 r - a scroll of magic mapping {unknown}
 u - 2 scrolls of recharging {unknown}
 y - a scroll of fog {unknown}
 B - a scroll of remove curse {unknown}
Potions
 a - 3 potions of haste {unknown}
 d - 2 potions of curing
 h - a potion of mutation {unknown}
 k - a potion of flight {unknown}
 p - a potion of might {unknown}
 w - a potion of resistance {unknown}
 x - a potion of cancellation {unknown}
 z - a potion of magic {unknown}
 D - a potion of degeneration {unknown}
Comestibles
 c - 2 bread rations
 j - 2 meat rations
 s - a beef jerky


   Skills:
 + Level 6.7 Fighting
 + Level 6.8 Maces & Flails
 * Level 7.9 Armour
 + Level 3.8 Dodging
 - Level 0.2 Stealth


You had 8 spell levels left.
You didn't know any spells.

Dungeon Overview and Level Annotations

Branches:
Dungeon (7/15)
 Temple: D:4-7

Altars:
Xom
The Shining One


Innate Abilities, Weirdness & Mutations

You are resistant to torment.
Your stone body is resilient (AC +5).
You are immune to poison.
You resist negative energy.
You are resistant to electric shocks.
You can survive without breathing.
You are immune to petrification.
You are immune to rotting.


Message History

Things that are here:
3 tomahawks; a sling bullet; a killer bee corpse
C - 6 tomahawks (gained 3)
The orc priest casts a cantrip, but nothing happens.
The orc hits you but does no damage.
You sock the orc!
You kill the orc!
Trog accepts your kill.
The orc priest mumbles some strange prayers to Beogh against you.
Something smites you!
* * * LOW HITPOINT WARNING * * *
You hear a shout!
You hit the orc priest.
The orc priest is lightly wounded.
The orc priest calls down the wrath of Beogh upon you.
Something smites you!
* * * LOW HITPOINT WARNING * * *
The orc priest mumbles some strange prayers to Beogh against you.
Something smites you!
You die...

###.# ##. ..
#...# .. ...
#.### #.#...
#.### ..y <#
#.#.####.#
.#####
#..#.#...#
.#...#
#.#....#####..$.
#....#÷.)#...#
#.#.####.#@#.#
#.#.....)(o†.#
#.#.####.).#.#
#.#.# ##o##.#
#.#.# #.. ..
#.#.# .......
#.#.# #.##.##..
.. .. ..# ##. ..
..#


You could see an orc priest and an orc.

Vanquished Creatures
  Joseph (D:7)
  A mottled dragon (D:7)
  A phantom (D:6)
  3 orc warriors
  An ogre (D:6)
  A centaur (D:6)
  A giant frog (D:6)
  A big kobold (Sewer)
  3 killer bees (D:7)
  A hound (D:4)
  A crimson imp (D:7)
  A giant frog skeleton (D:7)
  2 orc priests
  Ijyb (D:2)
  5 orc wizards
  2 worker ants (D:6)
  11 adders
  A river rat (Sewer)
  A shadow imp (D:7)
  4 oozes
  3 worms
  3 giant geckos
  18 orcs
  6 ball pythons
  2 giant cockroaches
  9 hobgoblins
  2 quokkas
  5 bats
  2 giant gecko zombies (D:6)
  6 giant newts
  3 goblins
  18 kobolds
  15 rats
135 creatures vanquished.

Notes
Turn   | Place    | Note
--------------------------------------------------------------
     0 | D:1      | barthelm the Gargoyle Berserker began the quest for the Orb.
     0 | D:1      | Reached XP level 1. HP: 14/14 MP: 1/1
    90 | D:1      | Reached XP level 2. HP: 6/19 MP: 2/2
   545 | D:1      | Acquired Trog's second power
   545 | D:1      | Reached XP level 3. HP: 20/24 MP: 3/3
  1164 | D:2      | Found a glowing golden altar of the Shining One.
  1233 | D:2      | Reached XP level 4. HP: 26/29 MP: 4/4
  1254 | D:2      | Noticed Ijyb
  1271 | D:2      | Killed Ijyb
  1271 | D:2      | Reached skill level 4 in Fighting
  1999 | D:3      | Reached XP level 5. HP: 29/33 MP: 5/5
  2468 | D:4      | Found a shimmering altar of Xom.
  2670 | D:4      | You fall through a shaft for 2 floors!
  2724 | D:6      | Noticed a phantom
  2764 | D:6      | Killed a phantom
  2764 | D:6      | Reached XP level 6. HP: 28/39 MP: 6/6
  2804 | D:6      | Found a glowing drain.
  2810 | Sewer    | Entered a sewer
  3281 | Sewer    | Reached skill level 5 in Fighting
  3281 | Sewer    | Reached XP level 7. HP: 44/44 MP: 7/7
  3455 | D:6      | Reached skill level 5 in Maces & Flails
  3506 | D:6      | Noticed an ogre
  3517 | D:6      | Killed an ogre
  3568 | D:6      | Noticed a centaur
  3568 | D:6      | Noticed an orc warrior
  3570 | D:6      | Acquired Trog's third power
  3580 | D:6      | Killed a centaur
  3585 | D:6      | Killed an orc warrior
  3585 | D:6      | Reached skill level 5 in Armour
  3601 | D:6      | Noticed an orc warrior
  3638 | D:6      | Killed an orc warrior
  3638 | D:6      | Reached XP level 8. HP: 29/51 MP: 8/8
  3988 | D:6      | Reached skill level 6 in Maces & Flails
  4339 | D:7      | Noticed Joseph
  4363 | D:7      | Killed Joseph
  4363 | D:7      | Reached skill level 7 in Armour
  4363 | D:7      | Reached XP level 9. HP: 33/56 MP: 9/9
  4572 | D:7      | Killed from afar by an orc priest

Vault maps used:
D:1:      saegor_arrival_simple_a
D:2:      first_bread, nicolae_tso_carved_into_rock, uniq_iyjb
D:3:      st_stairs_14, grunt_decor_arrowhead
D:4:      lemuel_doored_altar, minmay_misc_feat_nine_boxes, uniq_eustachio
D:6:      lightli_sewer_entry_pipes
D:7:      vehumet_statue, nicolae_gozag_seed_capital, minitemple, uniq_joseph
Sewer:    sewer_co_tree

Action                   |  1- 3 |  4- 6 |  7- 9 || total
-------------------------+-------+-------+-------++-------
Melee: Mace              |   114 |   252 |   182 ||   548
Throw: Stone             |    67 |    52 |    10 ||   129
Invok: Berserk           |       |       |     7 ||     7
       Trog's Hand       |       |       |     2 ||     2
  Use: Scroll            |       |     5 |     1 ||     6
  Eat: Chunk             |     1 |     7 |     9 ||    17
       Bread ration      |       |       |     1 ||     1
